 Dungeon Crawl Stone Soup version 0.28-a0-1334-g1c9ffb4daf (webtiles) character file.

Game seed: 953731378976752807

842 Grim the Destroyer (level 7, -6/36 HPs)
             Began as a Deep Elf Conjurer on Dec 28, 2021.
             Was an Initiate of Vehumet.
             Mangled by an iguana (9 damage)
             ... on level 5 of the Dungeon.
             The game lasted 00:16:49 (6200 turns).

Grim the Destroyer (Deep Elf Conjurer)              Turns: 6200, Time: 00:16:50

Health: -6/36      AC: 18    Str:  6    XL:     7   Next: 67%
Magic:  2/15       EV: 12    Int: 23    God:    Vehumet [......]
Gold:   33         SH:  0    Dex: 13    Spells: 2/15 levels left

rFire   + . .      SeeInvis .   u - +1 long sword (protect)
rCold   . . .      Faith    .   (no shield)
rNeg    . . .      Spirit   .   y - +2 robe {rF+}
rPois   +          Reflect  .   i - +2 hat
rElec   .          Harm     .   k - +0 cloak
rCorr   .          Rampage  .   (no gloves)
Will    .....                   (no boots)
Stlth   ++........              (no amulet)
HPRegen 0.12/turn               l - +4 ring of protection
MPRegen 0.14/turn               c - ring of poison resistance

@: under a protective aura
A: no striking features
a: Renounce Religion


You were on level 5 of the Dungeon.
You worshipped Vehumet.
Vehumet was noncommittal.
You visited 2 branches of the dungeon, and saw 6 of its levels.

You collected 121 gold pieces.
You spent 88 gold pieces at shops.

Inventory:

Hand Weapons
 u - a +1 long sword of protection (weapon)
Missiles
 b - 222 stones
 e - 44 poisoned darts
 m - a throwing net
 q - 3 atropa-tipped darts
 s - 3 silver javelins
Armour
 a - a +0 robe
 i - a +2 hat (worn)
 k - a +0 cloak (worn)
 y - a +2 robe of fire resistance (worn)
Jewellery
 c - a ring of poison resistance (right hand)
 l - a +4 ring of protection (left hand)
Wands
 A - a wand of flame (17)
Scrolls
 d - 5 scrolls of teleportation
 g - a scroll of fear {unknown}
 h - a scroll of noise {unknown}
 n - 4 scrolls of identify
 p - a scroll of enchant armour {unknown}
 r - 2 scrolls of enchant weapon {unknown}
 t - 3 scrolls of fog {unknown}
 w - a scroll of magic mapping {unknown}
 x - a scroll of blinking {unknown}
Potions
 f - a potion of heal wounds {unknown}
 j - a potion of attraction {unknown}
 o - a potion of magic {unknown}
 v - 2 potions of brilliance {unknown}
 z - a potion of curing {unknown}


   Skills:
 - Level 2.4 Dodging
 - Level 2.4 Stealth
 - Level 4.5 Spellcasting
 + Level 8.7 Conjurations
 - Level 4.3 Air Magic
 * Level 0.5 Poison Magic


You had 2 spell levels left.
You knew the following spells:

 Your Spells              Type           Power      Damage    Failure   Level
a - Magic Dart            Conj           100%       1d8       1%          1
b - Searing Ray           Conj           90%        2d7       1%          2
c - Static Discharge      Conj/Air       35%        N/A       1%          2
d - Lightning Bolt        Conj/Air       17%        1d32      19%         5
e - Mephitic Cloud        Conj/Pois/Air  26%        N/A       4%          3

Your spell library contained the following spells:

 Spells                   Type           Power      Damage    Failure   Level
 Dazzling Flash           Conj/Hex       50%        N/A       4%          3
 Fulminant Prism          Conj/Hex       12%        3d9       16%         4
 Iskenderun's Mystic Bla  Conj/Tloc      25%        2d7       16%         4
 Ignite Poison            Fire/Tmut/Pois 6%         N/A       28%         3
 Freezing Cloud           Conj/Ice/Air   12%        6-21      41%         5
 Maxwell's Capacitive Co  Air            12%        ∞         100%        8


Dungeon Overview and Level Annotations

Branches:
Dungeon (5/15)             Temple (1/1) D:4

Altars:
Ashenzari
Cheibriados
Fedhas
Gozag
Hepliaklqana
Kikubaaqudgha
Makhleb
Okawaru
Trog
Vehumet
Wu Jian
Yredelemnul
The Shining One

Shops:
D:1 [

Annotations:
D:3 3 runed translucent doors, vejb's ghost, amateur SpEn


Message History

Unknown command.
Casting: Mephitic Cloud (dangerous; 4% risk of failure)
Confirm with . or Enter, or press ? or * to list all spells.
Aiming: Mephitic Cloud (dangerous; 4% risk of failure)
Press: ? - help, Shift-Dir - straight line The ball explodes into a vile cloud!
The stinking cloud engulfs the iguana but does no damage.
The hound zombie closely misses you. The iguana bites you!
Unknown command.
Casting: Mephitic Cloud (dangerous; 4% risk of failure)
Confirm with . or Enter, or press ? or * to list all spells.
Aiming: Magic Dart (safe; 1% risk of failure)
Press: ? - help, Shift-Dir - straight line, f - hound zombie
Aim: a hound zombie (100% to hit)
The magic dart hits the hound zombie.
The hound zombie is lightly damaged.
The hound zombie barely misses you. The iguana misses you.
The hound zombie bites you but does no damage.
Unknown command.
You hit the hound zombie.
Your weapon exudes an aura of protection.
The hound zombie is moderately damaged.
The iguana bites you.
The hound zombie bites you but does no damage.
You slash the hound zombie!
The hound zombie is heavily damaged.
The hound zombie bites you but does no damage.
The iguana bites you but does no damage.
The ogre is engulfed in noxious fumes.
The hound zombie bites you but does no damage.
The iguana bites you but does no damage.
As you read the scroll labelled BOEDGH UNOSHRENE, it crumbles to dust.
It is a scroll of identify.
d - 5 scrolls of teleportation The hound zombie bites you but does no damage.
The ogre hits you with a +0 giant spiked club!!
Ouch! That really hurt!
* * * LOW HITPOINT WARNING * * *
The iguana bites you!
You die...

#...####.[..###.### #..... #..##
######.≈.≈.## ##..... #...###
#..≈.≈..# ##.....#
#.....######.≈≈[≈[.# ###......#
#..........#.≈...≈.###........#
##........).##.._..##..........#
##..####......#######...........#
#..## ###.....#####....##[.....#
#### ##...°l@Z......#####...#
##..°O###....## ##... ##..°°°#
#....# ##.. #.....## ##...# ##.
##....## #...# ## ##....## ##.##
# ####....## #.## #. #....#..#
#..# #.. ####....# ##..## ###


You could see an ogre, an iguana and a hound zombie.

Vanquished Creatures
  An ogre (D:4)
  A phantom (D:5)
  2 scorpions (D:4)
  A water moccasin skeleton (D:4)
  4 wights (D:5)
  A centaur skeleton (D:4)
  A hound (D:2)
  A gnoll shaman (D:3)
  Natasha (D:3)
  A scorpion zombie (D:4)
  An iguana (D:4)
  5 gnolls
  7 adders
  An adder zombie (D:4)
  A dart slug (D:2)
  2 orcs
  5 endoplasms
  A giant cockroach (D:4)
  5 hobgoblins
  11 jackals
  5 quokkas
  3 ball pythons (D:4)
  8 bats
  8 frilled lizards
  8 goblins
  12 kobolds
  5 rats
102 creatures vanquished.

Vanquished Creatures (others)
  A plant (D:3)
1 creature vanquished.

Grand Total: 103 creatures vanquished

Notes
Turn   | Place    | Note
-------+----------+-------------------------------------------
     0 | D:1      | Grim the Deep Elf Conjurer began the quest for the Orb.
     0 | D:1      | Reached XP level 1. HP: 10/10 MP: 6/6
   251 | D:1      | Reached XP level 2. HP: 15/15 MP: 5/8
   254 | D:1      | Reached skill level 5 in Conjurations
   659 | D:1      | Reached XP level 3. HP: 19/19 MP: 6/9
   800 | D:1      | Found Deugur's Antique Armour Boutique.
  1160 | D:2      | Reached skill level 6 in Conjurations
  1160 | D:2      | Reached XP level 4. HP: 24/24 MP: 5/10
  1163 | D:2      | Learned a level 2 spell: Searing Ray
  1923 | D:2      | Found a faded altar of an unknown god.
  2258 | D:3      | Learned a level 2 spell: Static Discharge
  2305 | D:3      | Reached skill level 7 in Conjurations
  2305 | D:3      | Reached XP level 5. HP: 28/28 MP: 0/11
  2485 | D:3      | Found a hazy altar of Hepliaklqana.
  2579 | D:3      | Found an ancient bone altar of Kikubaaqudgha.
  2659 | D:3      | Found a runed translucent gate.
  2659 | D:3      | Found a runed translucent gate.
  2660 | D:3      | Found a runed translucent gate.
  2663 | D:3      | Noticed vejb's ghost (amateur SpEn)
  2810 | D:3      | Reached skill level 1 in Air Magic
  2994 | D:3      | Noticed Natasha
  3003 | D:3      | Learned a level 5 spell: Lightning Bolt
  3012 | D:3      | Killed Natasha
  3538 | D:4      | Noticed an ogre
  3538 | D:4      | Found a staircase to the Ecumenical Temple.
  3580 | D:4      | Reached XP level 6. HP: 25/32 MP: 6/12
  3655 | Temple   | Entered the Ecumenical Temple
  3702 | Temple   | Became a worshipper of Vehumet
  4071 | D:4      | Reached skill level 8 in Conjurations
  4698 | D:4      | Found a basalt altar of Yredelemnul.
  4767 | D:4      | Found a burning altar of Makhleb.
  4798 | D:4      | Identified the +1 leather armour of Lobbo {rF+}
  4848 | D:4      | Reached XP level 7. HP: 36/36 MP: 8/13
  4960 | D:1      | Bought a runed robe for 88 gold pieces
  5032 | D:4      | Found a glowing golden altar of the Shining One.
  5332 | D:5      | Entered Level 5 of the Dungeon
  5705 | D:5      | Found a bloodstained altar of Trog.
  6075 | D:5      | Learned a level 3 spell: Mephitic Cloud
  6200 | D:5      | Mangled by an iguana

Illustrated notes

Levels and vault maps discovered:
D:1:      zaba_arrival_water, layout_rooms, serial_shops, shop,
          ebering_dispersal_statue_hall
D:2:      layout_basic, shapermc_ecumenical_altar_hornbeckon
D:3:      layout_loops_ring, mainiacjoe_overflow_alcove_1,
          nicolae_hepliaklqana_hazy_memory, ebering_ghost_rock_garden,
          minmay_misc_feat_encased, grunt_ministairs_14, uniq_natasha
D:4:      layout_basic, tso_altar, mainiacjoe_overflow_concentric_impassable,
          lemuel_zombie_altar_yredelemnul, minmay_temple_entry_junction,
          skrybe_limestone_x
D:5:      layout_layer_cave, trog_hazing_becter, serial_glass, glass_columns_a,
          glass_columns_a, due_unseen_surprise, minmay_strange_pillars,
          feat_on_display, minmay_misc_feat_roman
Temple:   compressed_dpeg_circular_temple

Skill      XL: |  1  2  3  4  5  6  7 |
---------------+----------------------+-----
Conjurations   | 5 6 7 8 |  8.7
Air Magic      | 1 3 4 |  4.3
Spellcasting   | 4 |  4.5
Dodging        | |  2.4
Stealth        | |  2.4
Poison Magic   | |  0.5

Action                   |  1- 3 |  4- 6 |  7- 9 || total
-------------------------+-------+-------+-------++-------
Melee: Long sword        |       |    17 |     4 ||    21
Throw: Dart              |       |     7 |       ||     7
 Cast: Magic Dart        |    52 |   103 |    39 ||   194
       Searing Ray       |       |    11 |     5 ||    16
       Mephitic Cloud    |       |       |     3 ||     3
  Use: Scroll            |       |       |     1 ||     1
Armor: Robe              |     1 |    12 |    14 ||    27
Dodge: Dodged            |     4 |    35 |    10 ||    49

Table legend: (Time is in decaauts)
 A = Elapsed time spent in this place.
 B = Non-inter-level travel time spent in this place.
 C = Inter-level travel time spent in this place.
 D = Time resting spent in this place.
 E = Time spent auto-exploring this place.
 F = Levels seen in this place.
 G = Mean time per level.
                   A        B        C        D        E       F      G
               +--------+--------+--------+--------+--------+-----+--------+
         Total |   6233 |   5712 |    521 |   1725 |   3218 |   6 | 1038.8 |
       Dungeon |   6174 |   5664 |    510 |   1725 |   3194 |   5 | 1234.8 |
        Temple |     58 |     47 |     11 |      0 |     24 |   1 |   58.0 |
               +--------+--------+--------+--------+--------+-----+--------+

Top non-repeatable levels by time:
     D:4: 1566 daAuts
     D:3: 1425 daAuts
     D:2: 1313 daAuts
     D:1: 1083 daAuts
     D:5: 786 daAuts
  Temple: 58 daAuts
